Map: King's Cove LE

Players

Mez

  • Race: Terran Terran
  • League: Master
  • Spawn Location: 11:00

GANS - Winner!

  • Race: Terran Terran
  • League: Master
  • Spawn Location: 5:00

VOD

Have the link to the VOD?

Description

Time

  • Played on: Aug. 5, 2019, 4:26 a.m.
  • Length: 14:04
Show
View Real Time Build Order
Export as new Build Order

Mez Terran 

Build Orders: Reaper Expand 

Get SALT Encoding   

  12  0:00  SCV  
  13  0:12  SCV  
  14  0:19  Supply Depot  
  14  0:25  SCV  
  15  0:41  SCV  
  15  0:42  Barracks  
  16  0:46  Refinery  
  16  0:53  SCV  
  17  1:05  SCV  
  18  1:17  SCV  
  19  1:30  Reaper, Orbital Command  
  20  1:43  Command Center  
  20  1:56  SCV  
  20  1:59  Supply Depot  
  21  2:03  Barracks Reactor  
  21  2:08  SCV  
  22  2:26  Command Center  
  22  2:33  SCV, Barracks  
  23  2:42  Marine  
  23  2:43  Marine  
  25  2:44  Bunker  
  25  2:48  SCV  
  25  3:05  SCV  
  25  3:06  Orbital Command  
  25  3:08  Marine x2  
  27  3:17  SCV  
  28  3:23  Refinery  
  28  3:24  Refinery  
  28  3:31  Engineering Bay, Marine x2  
  28  3:32  Barracks Tech Lab  
  30  3:37  SCV  
  30  3:39  SCV  
  32  3:49  Marine  
  32  3:55  SCV  
  32  3:56  SCV  
  33  4:06  Marine x2  
  33  4:08  SCV x2, Orbital Command  
  33  4:09  Stimpack  
  37  4:12  Terran Infantry Weapons Level 1  
  37  4:20  Refinery, SCV x2  
  39  4:24  Refinery  
  39  4:27  Marine x2  
  39  4:29  Marine  
  42  4:39  Factory  
  42  4:41  SCV x2  
  44  4:51  SCV, Marine x3  
  48  4:53  SCV  
  48  4:57  SCV  
  50  5:03  SCV  
  50  5:05  SCV, Supply Depot  
  52  5:11  Marine x3  
  52  5:12  SCV  
  56  5:15  SCV  
  56  5:18  SCV  
  58  5:24  SCV  
  58  5:27  Engineering Bay  
  58  5:28  Armory, Supply Depot  
  59  5:29  Marine x3  
  58  5:41  Factory Reactor  
  56  5:44  Starport  
  56  5:46  Marine  
  56  5:47  Marine x2  
  58  5:52  SCV  
  58  5:53  SCV x2  
  58  5:56  Terran Infantry Armor Level 1  
  60  6:04  Marine  
  60  6:05  SCV x3  
  60  6:10  Combat Shield  
  64  6:23  Barracks  
  64  6:24  Barracks  
  64  6:25  SCV x2, Barracks  
  64  6:28  SCV  
  64  6:31  Marine x3  
  64  6:38  SCV  
  64  6:39  Medivac x2  
  66  6:49  Marine x3  
  66  6:51  Barracks  
  66  6:52  SCV, Barracks  
  66  6:53  SCV  
  66  6:54  Barracks  
  69  7:03  SCV  
  69  7:05  SCV x2  
  72  7:11  Marine x3  
  72  7:13  Medivac  
  77  7:20  SCV  
  77  7:22  SCV  
  77  7:32  Marine x4  
  77  7:42  Orbital Command  
  77  7:43  SCV  
  77  7:47  Supply Depot  
  77  7:48  Supply Depot  
  77  7:49  Supply Depot  
  77  7:52  Barracks Reactor x2, Supply Depot  
  77  7:53  Barracks Reactor  
  77  8:03  Marine  
  77  8:04  Barracks Reactor  
  77  8:08  Marine x2  
  77  8:09  Medivac x2  
  77  8:10  Barracks Reactor  
  77  8:12  Supply Depot x2  
  83  8:14  Terran Infantry Weapons Level 2  
  83  8:20  Refinery, SCV  
  83  8:21  SCV x2, Marine  
  87  8:30  Marine  
  87  8:31  Marine x4  
  87  8:32  Barracks Reactor, SCV  
  87  8:33  SCV x2  
  95  8:41  Supply Depot  
  95  8:42  Supply Depot  
  95  8:45  Terran Infantry Armor Level 2, SCV x3  
  98  8:50  Marine x3  
  99  8:57  SCV x3  
  99  9:01  Marine  
  99  9:02  Marine x2  
  103  9:07  Marine x6  
  103  9:08  Marine x4  
  103  9:09  SCV x2  
  115  9:11  Medivac x2  
  115  9:13  Barracks  
  115  9:14  Barracks  
  119  9:20  Supply Depot  
  119  9:22  Supply Depot  
  119  9:23  Marine x5  
  124  9:25  Marine x4  
  128  9:33  Marine x6  
  128  9:41  Marine x5, Medivac x2  
  128  9:43  Marine x4  
  140  9:50  Terran Vehicle And Ship Armor Level 1  
  140  9:51  Marine x3  
  142  10:00  Marine x9  
  142  10:01  Marine x4  
  142  10:04  Supply Depot  
  142  10:05  Supply Depot x2  
  142  10:06  Supply Depot  
  155  10:14  Marine x2  
  157  10:22  Medivac x2  
  157  10:24  Marine  
  157  10:25  Marine  
  157  10:28  Marine x10  
  153  10:29  Marine x2  
  153  10:46  Marine x15  
  153  10:49  Marine  
  137  10:50  Marine  
  137  10:52  Medivac  
  121  11:04  Marine x6  
  126  11:11  Marine, Supply Depot  
  126  11:12  Barracks Tech Lab  
  126  11:13  Marine, Marauder, Barracks Tech Lab  
  126  11:14  Supply Depot  
  125  11:25  Marine  
  125  11:26  Missile Turret, Marine x5  
  131  11:35  Marine x5  
  136  11:45  Marine x10  
  146  11:48  Marauder  
  148  11:55  Marine x6  
  148  12:00  Missile Turret  
  154  12:08  Marine x8  
  147  12:11  Marine x2  
  129  12:19  Marine  
  129  12:20  Marine x6  
  131  12:32  Marine  
  131  12:33  Marine x9  
  111  12:42  Marine x7  
  102  12:52  Marine  
  102  12:53  Marine x5  
  102  12:58  Marine x3  
  96  13:05  Marine x3  
  96  13:06  Marine  
  86  13:21  Marine  
  86  13:22  Marine  
  86  13:23  Marine x4  
  87  13:27  Marine x2  
  79  13:43  Marine  
  79  13:44  Marine x3  
Show
View Real Time Build Order
Export as new Build Order

GANS Terran - Winner!

Build Orders: Liberator Opening 

Get SALT Encoding   

  12  0:01  SCV  
  13  0:13  SCV  
  14  0:18  Supply Depot  
  14  0:25  SCV  
  15  0:30  Refinery  
  15  0:39  SCV  
  16  0:48  Barracks  
  16  0:52  SCV  
  17  0:58  Refinery  
  17  1:04  SCV  
  18  1:18  SCV  
  19  1:35  Reaper, Orbital Command  
  20  1:44  Factory  
  20  1:58  Supply Depot  
  20  2:02  SCV  
  20  2:08  Reaper  
  22  2:14  SCV  
  23  2:26  SCV  
  23  2:29  Hellion  
  26  2:39  SCV  
  26  2:42  Reaper  
  28  2:44  Command Center  
  28  2:47  Supply Depot  
  28  3:00  SCV  
  29  3:10  Starport  
  29  3:11  Factory Tech Lab  
  29  3:12  SCV  
  30  3:14  Reaper  
  31  3:24  SCV  
  32  3:31  Cyclone  
  35  3:36  SCV  
  36  3:47  Liberator  
  35  3:49  SCV  
  35  3:59  Orbital Command  
  32  4:08  Command Center  
  35  4:11  Refinery  
  35  4:15  Barracks Reactor  
  35  4:18  SCV  
  36  4:26  SCV  
  36  4:30  Engineering Bay, SCV  
  38  4:33  Engineering Bay  
  38  4:34  Siege Tank  
  38  4:38  SCV  
  42  4:42  SCV  
  43  4:48  Refinery  
  43  4:50  SCV  
  44  4:53  Marine  
  44  4:54  SCV, Marine  
  44  4:57  Terran Infantry Weapons Level 1  
  44  4:59  Terran Infantry Armor Level 1  
  47  5:02  SCV  
  47  5:06  SCV  
  49  5:14  SCV  
  49  5:18  SCV  
  49  5:20  Marine x2  
  53  5:21  Orbital Command  
  53  5:26  Missile Turret, SCV  
  54  5:30  SCV  
  55  5:35  Factory Tech Lab  
  55  5:40  SCV  
  56  5:43  SCV  
  56  5:49  Orbital Command  
  54  5:50  Missile Turret  
  54  5:51  Raven, Marine x2  
  54  5:52  SCV  
  59  5:58  SCV  
  60  6:04  SCV  
  60  6:06  Siege Tank  
  60  6:07  Barracks x2  
  64  6:12  Armory  
  64  6:13  SCV  
  65  6:19  Barracks  
  65  6:21  SCV  
  65  6:25  SCV  
  67  6:33  SCV  
  67  6:35  SCV  
  67  6:38  SCV  
  68  6:45  SCV  
  69  6:49  Supply Depot  
  69  6:51  Supply Depot  
  69  6:54  Starport Reactor  
  69  6:56  SCV  
  69  7:02  Barracks Reactor x2  
  69  7:03  Supply Depot x2  
  69  7:05  Stimpack  
  69  7:08  Supply Depot x2  
  69  7:09  Barracks  
  69  7:11  Siege Tank, SCV x3, Barracks  
  69  7:14  Marine x2  
  69  7:15  Marine  
  78  7:23  Terran Infantry Armor Level 2, SCV x2, Terran Infantry Weapons Level 2  
  78  7:26  SCV  
  81  7:35  SCV  
  75  7:38  SCV, Marine  
  75  7:39  Marine x5  
  81  7:44  SCV  
  81  7:47  SCV  
  81  7:48  Terran Vehicle Weapons Level 1  
  81  7:50  SCV  
  84  7:54  Siege Tank  
  84  7:58  SCV  
  88  7:59  Barracks Reactor x2, SCV  
  88  8:02  Marine  
  90  8:08  Missile Turret  
  90  8:09  SCV  
  90  8:10  SCV  
  90  8:11  SCV  
  90  8:12  Missile Turret x2, Marine  
  93  8:13  Marine x2  
  96  8:20  Marine  
  96  8:21  SCV, Marine x3  
  96  8:22  SCV  
  96  8:25  SCV  
  96  8:26  Sensor Tower  
  103  8:28  Siege Tank  
  103  8:33  Refinery, SCV  
  103  8:34  Refinery  
  107  8:38  SCV  
  107  8:39  Missile Turret, SCV  
  109  8:45  Marine x4  
  109  8:46  Marine x4  
  116  8:54  Marine, Supply Depot  
  117  8:55  Supply Depot  
  117  9:00  Supply Depot  
  117  9:06  Combat Shield  
  117  9:15  Marine x8  
  125  9:17  Marine, Medivac x2  
  125  9:19  Supply Depot  
  125  9:20  Supply Depot  
  125  9:21  Command Center  
  130  9:24  Supply Depot  
  130  9:25  Marine x2  
  130  9:26  Siege Tank  
  132  9:39  Marine x2  
  132  9:40  Marine x3  
  132  9:41  Marine  
  132  9:43  Terran Infantry Weapons Level 3  
  138  9:53  Terran Infantry Armor Level 3  
  138  9:57  Marine x3  
  138  9:58  Marine x4  
  145  10:01  Siege Tank  
  145  10:05  Marine x3  
  145  10:06  SCV  
  152  10:16  Marine x3  
  152  10:17  Marine  
  156  10:26  Marine  
  156  10:27  Marine x6  
  156  10:31  Medivac x2  
  156  10:34  Marine  
  161  10:40  Marine x3  
  162  10:45  Marine x2  
  162  10:46  Marine x3  
  162  10:49  Marine x2  
  133  10:51  Siege Tank  
  133  10:52  Marine  
  123  10:58  SCV x2, Marine x3  
  123  10:59  SCV, Planetary Fortress  
  123  11:02  Marine  
  123  11:03  Marine  
  131  11:04  Marine x3  
  131  11:05  Medivac  
  131  11:07  Marine  
  137  11:15  Marine x4  
  137  11:16  Marine  
  142  11:20  Marine x2  
  142  11:22  Marine x3  
  142  11:24  SCV x3  
  150  11:25  Marine  
  150  11:27  Sensor Tower, Siege Tank  
  153  11:33  Marine x4  
  153  11:36  Marine  
  153  11:37  Medivac x2  
  153  11:38  Marine x2  
  153  11:39  Marine  
  162  11:43  Marine x2  
  162  11:44  Marine  
  166  11:51  Command Center, Marine  
  166  11:54  Marine x4  
  171  12:02  Marine x2  
  171  12:03  Marine x4  
  173  12:15  Marine x4  
  155  12:17  Marine  
  155  12:20  Marine x3  
  158  12:25  Marine x3  
  152  12:33  Marine x2  
  152  12:34  Marine x3  
  135  12:38  Marine x3  
  135  12:43  Siege Tank, Marine x3, Medivac x2  
  146  12:50  Marine  
  146  12:51  Marine  
  148  12:52  Marine  
  148  12:57  Supply Depot x2  
  148  12:58  Supply Depot x2  
  149  13:02  Marine  
  149  13:09  Marine  
  149  13:19  Marine x9  
  157  13:20  Marine  
  157  13:26  Marine  
  155  13:32  Siege Tank  
  150  13:36  Marine x8  
  150  13:37  Marine  
  150  13:38  Marine  
  164  13:44  Marine  
  164  13:47  Command Center  
Tags
 
Add a new tag
Caveats
  • Supply blocks, unpowered buildings, or Contaminate may cause inaccurate times.
  • Supply counts are checked every 10 seconds.